 Dungeon Crawl Stone Soup version 0.23-a0-358-g98c7a59 (webtiles) character file.

21 tilp the Chiller (level 2, -2/19 HPs)
             Began as a Merfolk Ice Elementalist on Oct 22, 2018.
             Slain by Natasha (5 damage)
             ... on level 2 of the Dungeon.
             The game lasted 00:02:39 (1109 turns).

tilp the Chiller (Merfolk Ice Elementalist)         Turns: 1109, Time: 00:02:39

Health: -2/19      AC:  2    Str:  8    XL:     2   Next: 83%
Magic:  3/5        EV: 13    Int: 14    God:
Gold:   48         SH:  0    Dex: 14    Spells: 2/5 levels left

rFire    . . .     SeeInvis .   l - +0 dagger
rCold    . . .     Gourm    .   (no shield)
rNeg     . . .     Faith    .   a - +0 robe
rPois    .         Spirit   .   (no helmet)
rElec    .         Reflect  .   (no cloak)
rCorr    .         Harm     .   (no gloves)
MR       .....                  (no boots)
Stlth    ++........             (no amulet)
HPRegen  0.06/turn              (no ring)
MPRegen  0.09/turn              (no ring)

@: no status effects
A: change form in water, swift swim, stealthy swim
a: no special abilities


You were on level 2 of the Dungeon.
You were not hungry.

You visited 1 branch of the dungeon, and saw 2 of its levels.

You collected 48 gold pieces.

Inventory:

Hand Weapons
 l - a +0 dagger (weapon)
Missiles
 d - 68 stones (quivered)
 f - 43 sling bullets
Armour
 a - a +0 robe (worn)
Jewellery
 k - an uncursed amulet of harm {unknown}
Scrolls
 g - a scroll of blinking {unknown}
 j - a scroll of teleportation {unknown}
 n - a scroll of amnesia {unknown}
Potions
 e - a potion of invisibility {unknown}
 h - a potion of might {unknown}
 i - 2 potions of mutation {unknown}
 m - 2 potions of curing {unknown}
Comestibles
 b - 5 chunks of flesh
 c - 2 rations


   Skills:
 - Level 2.6 Dodging
 - Level 2.1 Stealth
 - Level 2.0 Spellcasting
 - Level 0.7 Conjurations
 + Level 4.4 Ice Magic


You had 2 spell levels left.
You knew the following spells:

 Your Spells              Type           Power        Failure   Level  Hunger
a - Freeze                Ice            ##..         3%          1    ##.....
b - Throw Frost           Conj/Ice       #.....       13%         2    ###....

Your spell library contained the following spells:

 Spells                   Type           Power        Failure   Level  Hunger
 Ozocubu's Armour         Chrm/Ice       #.......     28%         3    ####...
 Throw Icicle             Conj/Ice       #.......     63%         4    #####..
 Summon Ice Beast         Ice/Summ       #.......     67%         4    #####..


Dungeon Overview and Level Annotations

Branches:
Dungeon (2/15)

Altars:

Annotations:
D:2 Natasha


Message History

Confirm with . or Enter, or press ? or * to list all spells.
Aiming: Freeze (safe; 3% risk of failure)
Press: ? - help, Shift-Dir - straight line, f - Natasha
Aim: Natasha You freeze Natasha.
Natasha is heavily wounded.
Natasha stares at you and mumbles some strange words.
The magic dart hits you!
* * * LOW HITPOINT WARNING * * *
Casting: Freeze (safe; 3% risk of failure)
Confirm with . or Enter, or press ? or * to list all spells.
Aiming: Freeze (safe; 3% risk of failure)
Press: ? - help, Shift-Dir - straight line, f/p - Natasha
Aim: Natasha (heavily wounded)
You freeze Natasha.
Natasha is heavily wounded.
Natasha wildly gestures.
You feel disoriented. Natasha claws you.
You die...

.........$..# .#.#
.......%...รท##.#.#
.................#
######..###......#
##.###......#
#..##......#
###.##Kh....#
#....#......# ####
#...@#......# ...#
#...h#.##.#.# ##.#
#...K.....#... .#.#
#...#..#..# .# .#.#
#...#.>...... .#.#
#...###..#### <#.#
##'## #.# .#.# #.#
.# .#.###### #.# .#


You could see Natasha and a kobold.

Vanquished Creatures
  2 giant cockroaches (D:1)
  A goblin (D:1)
  3 hobgoblins
  A kobold (D:2)
  A ball python (D:1)
  6 bats
  A frilled lizard (D:1)
  5 rats
20 creatures vanquished.

Notes
Turn   | Place    | Note
-------+----------+-------------------------------------------
     0 | D:1      | tilp the Merfolk Ice Elementalist began the quest for the
                  | Orb.
     0 | D:1      | Reached XP level 1. HP: 13/13 MP: 3/3
   260 | D:1      | Reached XP level 2. HP: 19/19 MP: 0/5
   267 | D:1      | Learned a level 2 spell: Throw Frost
   480 | D:1      | Reached skill level 4 in Ice Magic
  1089 | D:2      | Noticed Natasha
  1109 | D:2      | Slain by Natasha

Vault maps used:
D:1:      sevenhm_arrival_forest_fort_large_4
D:2:      first_ration, chequers_serial_rivers_large_a, minmay_split_cup_large,
          uniq_terence, uniq_natasha

Skill      XL: |  1  2 |
---------------+-------+-----
Ice Magic      | 4 |  4.4
Dodging        | |  2.6
Stealth        | |  2.1
Spellcasting   | |  2.0
Conjurations   | |  0.7

Action                   || total
-------------------------++-------
Melee: Unarmed           ||     1
       Dagger            ||     4
 Cast: Freeze            ||    24
 Stab: Sleeping          ||     3
  Eat: Chunk             ||     1
Armor: Robe              ||     2
Dodge: Dodged            ||    15

Table legend:
 A = Non-vault XP
 B = Vault XP
 C = Vault XP percentage of total XP
 D = Non-vault monster count
 E = Vault monster count
 F = Vault count percentage of total count
                 A         B        C        D         E       F
            +---------+---------+-------+---------+---------+-------
      Total |      30 |       0 |   0.0 |      20 |       0 |   0.0
            +---------+---------+-------+---------+---------+-------
        D:1 |      18 |       0 |   0.0 |      12 |       0 |   0.0
        D:2 |      12 |       0 |   0.0 |       8 |       0 |   0.0
            +---------+---------+-------+---------+---------+-------
